 Dungeon Crawl Stone Soup version 0.28-a0-1038-g9c4cb8273d (webtiles) character file.

Game seed: 8043805707821512940

1516 benadryl the Chopper (level 8, -1/67 HPs)
             Began as a Gnoll Cinder Acolyte on Dec 8, 2021.
             Was a Follower of Ignis.
             Slain by an ice beast (12 damage)
             ... on level 6 of the Dungeon.
             The game lasted 00:10:28 (6503 turns).

benadryl the Chopper (Gnoll Cinder Acolyte)         Turns: 6503, Time: 00:10:29

Health: -1/67      AC: 12    Str: 16    XL:     8   Next: 83%
Magic:  16/23      EV: 10    Int: 13    God:    Ignis [*.....]
Gold:   222        SH:  0    Dex:  8    Spells: 13/16 levels left

rFire   + . .      SeeInvis .   f - +1 broad axe (freeze)
rCold   . . .      Faith    .   (no shield)
rNeg    . . .      Spirit   .   j - +0 scale mail
rPois   .          Reflect  .   (no helmet)
rElec   .          Harm     .   (no cloak)
rCorr   .          Rampage  .   h - +0 pair of gloves
Will    .....                   (no boots)
Stlth   +.........              (no amulet)
HPRegen 0.21/turn               c - +4 ring of protection
MPRegen 0.18/turn               t - ring of magical power

@: very slightly contaminated
A: fangs 1, strong nose, distributed training
a: Renounce Religion, Fiery Armour, Foxfire Swarm, Rising Flame


You were on level 6 of the Dungeon.
You worshipped Ignis.
Ignis was aware of your devotion.
You visited 1 branch of the dungeon, and saw 6 of its levels.
You also visited: Sewer.

You collected 222 gold pieces.

Inventory:

Hand Weapons
 f - a +1 broad axe of freezing (weapon)
Missiles
 l - 15 poisoned darts (quivered)
Armour
 h - a +0 pair of gloves (worn)
 i - a +0 plate armour
 j - a +0 scale mail (worn)
Magical Staves
 r - a staff of earth
Jewellery
 c - a +4 ring of protection (left hand)
 t - a ring of magical power (right hand)
Scrolls
 a - 3 scrolls of teleportation
 q - a scroll of noise
 v - a scroll of brand weapon
Potions
 d - 2 potions of haste
 e - 5 potions of cancellation
 g - a potion of curing {unknown}
 k - a potion of lignification {unknown}
 m - 4 potions of invisibility
 n - a potion of brilliance {unknown}
 o - 2 potions of mutation
 p - a potion of might {unknown}
 s - a potion of flight


   Skills:
 + Level 7.5 Fighting
 + Level 3.6 Short Blades
 + Level 3.6 Long Blades
 + Level 7.5 Axes
 + Level 3.6 Maces & Flails
 + Level 3.6 Polearms
 + Level 3.6 Staves
 + Level 3.6 Slings
 + Level 3.6 Bows
 + Level 3.6 Crossbows
 + Level 3.6 Throwing
 + Level 3.6 Armour
 + Level 3.6 Dodging
 + Level 3.6 Stealth
 + Level 3.6 Shields
 + Level 3.6 Unarmed Combat
 + Level 4.6 Spellcasting
 + Level 3.0 Conjurations
 + Level 3.0 Hexes
 + Level 3.0 Summonings
 + Level 3.0 Necromancy
 + Level 3.0 Translocations
 + Level 3.0 Transmutations
 + Level 6.2 Fire Magic
 + Level 3.0 Ice Magic
 + Level 3.0 Air Magic
 + Level 3.0 Earth Magic
 + Level 3.0 Poison Magic
 + Level 4.0 Invocations
 + Level 3.6 Evocations


You had 13 spell levels left.
You knew the following spells:

 Your Spells              Type           Power      Damage    Failure   Level
a - Scorch                Fire           38%        2d7       8%          2
b - Foxfire               Conj/Fire      60%        2x1d7     10%         1

Your spell library contained the following spells:

 Spells                   Type           Power      Damage    Failure   Level
 Blink                    Tloc           20%        N/A       30%         2
 Sublimation of Blood     Necr           10%        N/A       30%         2
 Wereblood                Tmut           10%        N/A       30%         2
 Conjure Flame            Conj/Fire      15%        6-21      30%         3
 Inner Flame              Hex/Fire       15%        N/A       30%         3
 Lesser Beckoning         Tloc           10%        N/A       52%         3
 Ozocubu's Armour         Ice            10%        N/A       52%         3
 Flame Wave               Conj/Fire      15%        2d5       69%         4
 Manifold Assault         Tloc           10%        N/A       99%         5
 Metabolic Englaciation   Hex/Ice        5%         N/A       99%         5
 Simulacrum               Ice/Necr       5%         N/A       100%        6
 Summon Hydra             Summ           5%         N/A       100%        7


Dungeon Overview and Level Annotations

Branches:
Dungeon (6/15)             Temple (0/1) D:4           Sewer (visited)

Altars:
Elyvilon
Vehumet
Xom
The Shining One


Innate Abilities, Weirdness & Mutations

You have very sharp teeth.
Your uncanny sense of smell can sniff out nearby items.
Your experience applies equally to all skills.


Message History

The ice beast closely misses you.
You slash the gnoll shaman! You freeze the gnoll shaman.
You kill the gnoll shaman!
You barely miss the ice beast. You hit the gnoll but do no damage.
The gnoll hits you but does no damage. The ice beast misses you.
Your Conjurations skill increases to level 3!
Your Hexes skill increases to level 3!
Your Summonings skill increases to level 3!
Your Necromancy skill increases to level 3!
Your Translocations skill increases to level 3!
Your Transmutations skill increases to level 3!
Your Ice Magic skill increases to level 3!
Your Air Magic skill increases to level 3!
Your Earth Magic skill increases to level 3!
Your Poison Magic skill increases to level 3!
You hit the ice beast.
The ice beast is almost dead.
You closely miss the gnoll. The gnoll hits you with a +0 club.
* * * LOW HITPOINT WARNING * * *
The ice beast barely misses you.
Your magical contamination has completely faded away.
You hit the gnoll but do no damage.
The gnoll is severely wounded.
You closely miss the ice beast. The gnoll hits you but does no damage.
The ice beast closely misses you. The gnoll hits you but does no damage.
Casting: Foxfire (safe; 10% risk of failure)
Confirm with . or Enter, or press ? or * to list all spells.
You miscast Foxfire.
You are very lightly contaminated with residual magic.
Nothing appears to happen.
The ice beast hits you.
* * * LOW HITPOINT WARNING * * *
The ice beast freezes you.
* * * LOW HITPOINT WARNING * * *
The gnoll hits you but does no damage.
Casting: Foxfire (safe; 10% risk of failure)
Confirm with . or Enter, or press ? or * to list all spells.
You conjure some foxfire!
The ice beast hits you.
* * * LOW HITPOINT WARNING * * *
The ice beast freezes you!
You die...

..... #........ #...
...$.######........ #...
...........††...... #...
........)..)##########...
.........................
............#############
............#
.......Yv...#
.......g@...#
.......v....#
............#
............#
............#
............#
............#
...........#


You could see an ice beast (ally target) and a gnoll (ally target).

Vanquished Creatures
  A komodo dragon (D:5)
  Sigmund (D:4)
  A black bear (D:6)
  2 ogres
  A phantom (D:4)
  4 scorpions
  3 hounds
  2 gnoll shamans
  An orc priest (D:4)
  A bullfrog skeleton (D:6)
  An iguana (D:6)
  An orc wizard (D:4)
  A mummy (D:4)
  5 gnolls
  9 adders
  3 river rats
  An ufetubus (D:4)
  An adder skeleton (D:4)
  8 worms
  3 dart slugs
  4 orcs
  6 endoplasms
  3 giant cockroaches
  6 goblins
  6 hobgoblins
  4 jackals (D:4)
  10 kobolds
  2 quokkas
  7 ball pythons
  6 bats (D:1)
  2 frilled lizards (D:2)
  A hobgoblin zombie (D:4)
  3 orc zombies (D:4)
  9 rats
119 creatures vanquished.

Vanquished Creatures (others)
  141 foxfires
  A fungus (D:4)
142 creatures vanquished.

Grand Total: 261 creatures vanquished

Notes
Turn   | Place    | Note
-------+----------+-------------------------------------------
     0 | D:1      | benadryl the Gnoll Cinder Acolyte began the quest for the
                  | Orb.
     0 | D:1      | Reached XP level 1. HP: 23/23 MP: 4/4
   216 | D:1      | Reached XP level 2. HP: 29/29 MP: 5/5
   858 | D:1      | Reached XP level 3. HP: 35/35 MP: 7/7
  1137 | D:2      | Found a white marble altar of Elyvilon.
  1216 | D:2      | Reached skill level 1 in Invocations
  1313 | D:2      | Learned a level 2 spell: Scorch
  1376 | D:2      | Reached skill level 1 in Short Blades
  1376 | D:2      | Reached skill level 1 in Long Blades
  1376 | D:2      | Reached skill level 1 in Maces & Flails
  1376 | D:2      | Reached skill level 1 in Polearms
  1376 | D:2      | Reached skill level 1 in Staves
  1376 | D:2      | Reached skill level 1 in Slings
  1376 | D:2      | Reached skill level 1 in Bows
  1376 | D:2      | Reached skill level 1 in Crossbows
  1376 | D:2      | Reached skill level 1 in Throwing
  1376 | D:2      | Reached skill level 1 in Armour
  1376 | D:2      | Reached skill level 1 in Dodging
  1376 | D:2      | Reached skill level 1 in Stealth
  1376 | D:2      | Reached skill level 1 in Shields
  1376 | D:2      | Reached skill level 1 in Unarmed Combat
  1376 | D:2      | Reached skill level 1 in Evocations
  1944 | D:3      | Reached XP level 4. HP: 41/41 MP: 8/8
  2034 | D:3      | Found a faded altar of an unknown god.
  2621 | D:3      | Found a faded altar of an unknown god.
  2626 | D:3      | Found a glowing golden altar of the Shining One.
  2768 | D:4      | Reached skill level 1 in Conjurations
  2768 | D:4      | Reached skill level 1 in Hexes
  2768 | D:4      | Reached skill level 1 in Summonings
  2768 | D:4      | Reached skill level 1 in Necromancy
  2768 | D:4      | Reached skill level 1 in Translocations
  2768 | D:4      | Reached skill level 1 in Transmutations
  2768 | D:4      | Reached skill level 1 in Ice Magic
  2768 | D:4      | Reached skill level 1 in Air Magic
  2768 | D:4      | Reached skill level 1 in Earth Magic
  2768 | D:4      | Reached skill level 1 in Poison Magic
  2865 | D:4      | Noticed a phantom
  2871 | D:4      | Killed a phantom
  2872 | D:4      | Reached XP level 5. HP: 28/47 MP: 6/9
  2965 | D:4      | Found a shimmering altar of Xom.
  2972 | D:4      | Found a radiant altar of Vehumet.
  2975 | D:4      | Reached XP level 6. HP: 36/53 MP: 9/11
  3073 | D:4      | Found a staircase to the Ecumenical Temple.
  3166 | D:4      | Found a glowing drain.
  3267 | Sewer    | Entered a sewer
  3988 | D:4      | Reached XP level 7. HP: 43/59 MP: 9/12
  4330 | D:4      | Noticed Sigmund
  4350 | D:4      | Killed Sigmund
  5000 | D:5      | Entered Level 5 of the Dungeon
  5037 | D:5      | Learned a level 1 spell: Foxfire
  5090 | D:5      | Reached XP level 8. HP: 63/67 MP: 4/14
  5490 | D:5      | Noticed a komodo dragon
  5505 | D:5      | Killed a komodo dragon
  6503 | D:6      | Slain by an ice beast

Illustrated notes

Levels and vault maps discovered:
D:1:      eino_arrival_druids_welcome, layout_basic,
          nicolae_concentric_dashed_squares_mild, minmay_misc_feat_room
D:2:      layout_rooms, basic_altar, patterned_corridor
D:3:      layout_basic, nicolae_overflow_ecumenical_swirl,
          dreamdust_ecumenical_altar_angels_and_demons, minmay_misc_feat_tower,
          kennysheep_generic_room_9
D:4:      layout_basic, mainiacjoe_overflow_big_doors, minmay_temple_entry_grid,
          gup_sewer_entry_spiral, minmay_mini_ossuary, uniq_sigmund
D:5:      layout_gridville
D:6:      layout_basic, mainiacjoe_overflow_concentric_impassable, serial_shops,
          nicolae_inconvenience_store, uniq_prince_ribbit1

Skill      XL: |  1  2  3  4  5  6  7  8 |
---------------+-------------------------+-----
Invocations    | 1 2 3 4 |  4.0
Short Blades   | 1 2 3 |  3.6
Long Blades    | 1 2 3 |  3.6
Maces & Flails | 1 2 3 |  3.6
Polearms       | 1 2 3 |  3.6
Staves         | 1 2 3 |  3.6
Slings         | 1 2 3 |  3.6
Bows           | 1 2 3 |  3.6
Crossbows      | 1 2 3 |  3.6
Throwing       | 1 2 3 |  3.6
Armour         | 1 2 3 |  3.6
Dodging        | 1 2 3 |  3.6
Stealth        | 1 2 3 |  3.6
Shields        | 1 2 3 |  3.6
Unarmed Combat | 1 2 3 |  3.6
Evocations     | 1 2 3 |  3.6
Spellcasting   | 3 4 |  4.6
Conjurations   | 1 2 3 |  3.0
Hexes          | 1 2 3 |  3.0
Summonings     | 1 2 3 |  3.0
Necromancy     | 1 2 3 |  3.0
Translocations | 1 2 3 |  3.0
Transmutations | 1 2 3 |  3.0
Ice Magic      | 1 2 3 |  3.0
Air Magic      | 1 2 3 |  3.0
Earth Magic    | 1 2 3 |  3.0
Poison Magic   | 1 2 3 |  3.0
Fighting       | 7 |  7.5
Axes           | 7 |  7.5
Fire Magic     | 6 |  6.2

Action                   |  1- 3 |  4- 6 |  7- 9 || total
-------------------------+-------+-------+-------++-------
Melee: Hand axe          |    54 |       |       ||    54
       Bite              |     5 |     6 |     7 ||    18
       Broad axe         |    39 |   183 |    85 ||   307
       Punch             |       |       |     1 ||     1
 Cast: Scorch            |     2 |     3 |     7 ||    12
       Foxfire           |       |       |    16 ||    16
Invok: Foxfire Swarm     |       |     3 |     5 ||     8
  Use: Scroll            |       |     4 |     9 ||    13
Armor: Robe              |     1 |       |       ||     1
       Scale mail        |    35 |    95 |    66 ||   196
Dodge: Dodged            |    41 |    89 |    83 ||   213

Table legend: (Time is in decaauts)
 A = Elapsed time spent in this place.
 B = Non-inter-level travel time spent in this place.
 C = Inter-level travel time spent in this place.
 D = Time resting spent in this place.
 E = Time spent auto-exploring this place.
 F = Levels seen in this place.
 G = Mean time per level.
                   A        B        C        D        E       F      G
               +--------+--------+--------+--------+--------+-----+--------+
         Total |   6683 |   6275 |    408 |   1636 |   3503 |   7 |  954.7 |
       Dungeon |   5934 |   5526 |    408 |   1407 |   3190 |   6 |  989.0 |
         Sewer |    748 |    748 |      0 |    229 |    313 |   1 |  748.0 |
               +--------+--------+--------+--------+--------+-----+--------+

Top non-repeatable levels by time:
     D:4: 1665 daAuts
     D:5: 1239 daAuts
     D:3: 967 daAuts
     D:1: 920 daAuts
     D:2: 869 daAuts
   Sewer: 748 daAuts
     D:6: 273 daAuts
